 Dungeon Crawl Stone Soup version 0.17-a0-877-ga10078a (webtiles) character file.

134136 RobertPalmer the Martial Artist (level 17, -24/98 HPs)
             Began as a Vine Stalker Transmuter on Apr 29, 2015.
             Was the Champion of Makhleb.
             Killed by the raging water
             ... invoked by a water nymph
              (39 damage)
             ... on level 2 of the Shoals on Apr 30, 2015.
             The game lasted 01:41:42 (26814 turns).

RobertPalmer the Martial Artist (VSTm)             Turns: 26814, Time: 01:41:42

Health: -24/98     AC: 15    Str: 14    XL:     17   Next: 16%
Magic:  0/32       EV: 23    Int: 15    God:    Makhleb [******]
Gold:   1436       SH:  0    Dex: 19    Spells: 5 memorised, 8 levels left

rFire  + . .     SeeInvis +       - Unarmed
rCold  + + .     Clarity  .     Q - +3 leather armour of Vivathree {rF+ rC+ Regen+ MP+9}
rNeg   + . .     SustAb   .     (no shield)
rPois  .         Gourm    .     (helmet restricted)
rElec  .         Spirit   +     M - +2 cloak {rC+}
rCorr  .         Warding  .     W - +2 pair of gloves
rMut   .         Stasis   .     (no boots)
MR     ++...                    u - amulet of regeneration (curse) {+regen, !d}
Stlth  +.........               A - ring "Ikoufatur" {rN+ AC+2}
                                s - ring of see invisible {sInv, !d}

@: repel missiles, very resistant to hostile enchantments, very unstealthy
A: fangs 3, horns 1, talons 1, regeneration 3, shaggy fur 1, magic shield,
antimagic bite, no device heal 3, rot immunity
a: Minor Destruction, Lesser Servant of Makhleb, Major Destruction, Greater
Servant of Makhleb, Renounce Religion


You were on level 2 of the Shoals.
You worshipped Makhleb.
Makhleb was exalted by your worship.
You were hungry.

You visited 4 branches of the dungeon, and saw 26 of its levels.
You also visited: Labyrinth, Sewer, Bailey and Ice Cave.

You collected 2128 gold pieces.
You spent 692 gold pieces at shops.

Inventory:

Hand weapons
 b - a +2 blowgun
   (You took it off a kobold on level 4 of the Dungeon)
Missiles
 e - 14 curare-tipped needles
 l - 3 throwing nets {=f, !d}
Armour
 M - a +2 cloak of cold resistance (worn)
   (You found it in an ice cave)
 Q - the +3 leather armour of Vivathree (worn) {rF+ rC+ Regen+ MP+9}
   (You found it on level 9 of the Dungeon)

   It protects you from fire.
   It protects you from cold.
   It affects your magic capacity (+9).
   It increases your rate of regeneration.
 W - a +2 pair of gloves (worn)
   (You found it on level 3 of the Lair of Beasts)
Jewellery
 i - an uncursed ring of magical power {MP+9}
   (You found it on level 12 of the Dungeon)
 s - a ring of see invisible (left hand) {sInv, !d}
   (You found it on level 3 of the Dungeon)
 t - an uncursed amulet of stasis {Stasis, !d}
   (You acquired it on level 13 of the Dungeon)
 u - a cursed amulet of regeneration (around neck) {+regen, !d}
   (You bought it in a shop on level 15 of the Dungeon)
 v - an uncursed ring of protection from fire {rF+, !d}
   (You took it off a crimson imp on level 12 of the Dungeon)
 A - the ring "Ikoufatur" (right hand) {rN+ AC+2}
   (You bought it in a shop on level 5 of the Dungeon)

   [ring of protection]

   It affects your AC (+2).
   It protects you from negative energy.
 I - a cursed ring of poison resistance {rPois, !d}
   (You found it on level 7 of the Dungeon)
 O - an uncursed ring of protection from cold {rC+, !d}
   (You found it on level 7 of the Dungeon)
 S - an uncursed amulet of resist mutation {rMut, !d}
   (You found it on level 12 of the Dungeon)
Magical devices
 a - a wand of fireball (8)
   (You found it on level 15 of the Dungeon)
 z - a wand of teleportation (2)
   (You found it on level 6 of the Dungeon)
 L - a wand of digging (14)
   (You found it in a sewer)
Scrolls
 k - 9 scrolls of remove curse
 y - 3 scrolls of fog
 D - 2 scrolls of identify
 K - a scroll of amnesia
 U - a scroll of magic mapping {!r}
 X - 2 scrolls of teleportation
 Z - 2 scrolls of vulnerability {!r!r}
Potions
 c - 2 potions of magic {unknown}
 g - 2 potions of agility
 j - 4 potions of ambrosia {!q}
 m - 4 potions of haste
 n - 4 potions of lignification {!q}
 p - 3 potions of flight
 r - a potion of cancellation
 x - a potion of berserk rage {unknown}
 B - 5 potions of brilliance
 C - 6 potions of curing
 E - 2 potions of mutation {!q}
 H - 2 potions of resistance {unknown}
 N - 3 potions of might
Books
 o - a book of Summonings
   (You found it on level 13 of the Dungeon)
 P - Roxanne's Handbook of Ashen Shape Shifting
   (You found it in a labyrinth)

   Spells                             Type                      Level
   a - Beastly Appendage              Transmutation                1
   b - Stone Arrow                    Conjuration/Earth            3
   c - Leda's Liquefaction            Hexes/Earth                  4
   d - Alistair's Intoxication        Transmutation/Poison         4
   e - Hydra Form                     Transmutation                6
 V - a book of the Earth
   (You found it on level 12 of the Dungeon)
 Y - a book of the Dragon
   (You found it on level 13 of the Dungeon)
Miscellaneous
 F - a phantom mirror
 R - a plain deck of destruction {drawn: 6}
   (You found it on level 15 of the Dungeon)
Comestibles
 d - 9 bread rations {@e1}
 f - 4 slices of pizza
 h - 23 fruits
 q - 16 meat rations {@e2}
 J - a royal jelly


   Skills:
 - Level 14.7 Fighting
 - Level 13.5 Dodging
 - Level 14.9 Unarmed Combat
 - Level 3.3 Spellcasting
 - Level 12.8 Transmutations
 + Level 3.9 Invocations


You had 8 spell levels left.
You knew the following spells:

 Your Spells              Type           Power        Failure   Level  Hunger
a - Beastly Appendage     Trmt           #####.       1%          1    None
b - Ice Form              Ice/Trmt       ###.....     21%         4    ####...
c - Blink                 Tloc           N/A          41%         2    ##.....
d - Repel Missiles        Chrm/Air       #.....       41%         2    ##.....
z - Blade Hands           Trmt           #####.....   3%          5    ######.


Dungeon Overview and Level Annotations

Branches:
Dungeon (15/15)            Temple (0/1) D:4            Lair (8/8) D:8
 Shoals (2/4) Lair:3       Spider (1/4) Lair:3        Slime (0/6) Lair:8
    Orc (0/4) D:9          Vaults (0/5) D:13         Depths (0/5) D:15

Altars:
Ashenzari
Dithmenos
Elyvilon
Fedhas
Gozag
Makhleb
Nemelex Xobeh
Okawaru
Qazlal
Ru
Sif Muna
Vehumet
Xom
Yredelemnul
Zin
Jiyva

Shops:
D:5 =(*%   D:10 (   D:14 :   D:15 =

Portals:
Hell: Lair:8
Trove: D:10 (give +5 fire dragon armour)

Annotations:
D:7 exclusion: skeletal warrior
D:8 Erica
D:15 exclusion: Roxanne, Roxanne
Shoals:2 Polyphemus


Innate Abilities, Weirdness & Mutations

You have razor-sharp teeth.
You regenerate.
You are covered in fur (AC +1).
When hurt, damage is shared between your health and your magic reserves.
Your bite disrupts and absorbs the magic of your enemies.
Potions and wands cannot restore your health.
You are immune to rotting.
You have a pair of small horns on your head.
You have sharp toenails.


Message History

You pummel the death yak!! You freeze the death yak!
You bite the death yak, but do no damage.
The death yak gores you!!
You take 19 damage, and have 79/117 hp.
You now have 16/23 mp.
You pummel the death yak!! You freeze the death yak.
You kill the death yak!
Makhleb accepts your kill.
You feel a little better.
You regained 17 hp, and now have 96/117 hp.
You regained 2 hp, and now have 101/117 hp.
You warm up again.
Your +2 cloak of cold resistance unmelds from your body.
Your +2 pair of gloves unmelds from your body.
The +3 leather armour of Vivathree {rF+ rC+ Regen+ MP+9} unmelds from your body.
You feel resistant to cold.
You now have 86/98 hp.
Unknown command.
You feel protected from missiles.
You regained 2 hp, and now have 88/98 hp.
You now have 16/32 mp.
Unknown command.
Eat which item? (? for menu, Esc to quit)
That beef jerky was jerk-a-riffic!
You regained 2 hp, and now have 90/98 hp.
Casting: Repel Missiles Your hands turn into razor-sharp scythe blades.
Your +2 pair of gloves melds into your body.
You are feeling hungry.
Polyphemus says, "Do you like to play 'catch'?"
Polyphemus throws a large rock.
The large rock closely misses you.
You hear a splash.
You now have 11/32 mp.
Unknown command.
Polyphemus closely misses you. Polyphemus misses you.
You regained 2 hp, and now have 93/98 hp.
You slash Polyphemus! Your kick misses Polyphemus.
The catoblepas breathes a plume of calcifying dust at you.
The blast of calcifying dust hits you! Polyphemus hits you!!!
Polyphemus completely misses you.
You take 32 damage, and have 61/98 hp.
MASSIVE DAMAGE!!
You now have 8/32 mp.
Polyphemus throws a large rock.
The large rock hits you!!
You see here a large rock {!d}.
You take 25 damage, and have 36/98 hp.
MASSIVE DAMAGE!!
You now have 5/32 mp.
Unknown command.
Unknown command.
Unknown command.
Read which item? (? for menu, Esc to quit)
As you read the scroll of fear, it crumbles to dust.
You assume a fearsome visage.
Polyphemus resists with some effort.
The catoblepas looks frightened!
Polyphemus throws a large rock.
The large rock hits you!!
* * * LOW HITPOINT WARNING * * *
You take 29 damage, and have 7/98 hp.
MASSIVE DAMAGE!!
You now have 0/32 mp.
Unknown command.
Unknown command.
Unknown command.
Unknown command.
Unknown command.
Unknown command.
Unknown command.
Drink which item? (? for menu, Esc to quit)
Okay, then.
Unknown command.
Unknown command.
Here: Polyphemus (lightly wounded)
The floor, spattered with blood.
Unknown command.
Unknown command.
Read which item? (? for menu, Esc to quit)
Okay, then.
You have no means to grasp a wand firmly enough.
Your hands revert to their normal proportions.
Your +2 pair of gloves unmelds from your body.
Polyphemus throws a large rock.
The large rock misses you.
You hear a splash.
You regained 3 hp, and now have 10/98 hp.
Okay, then.
You feel strangely unstable.
This wand has 2 charges left.
Polyphemus throws a large rock.
The large rock completely misses you.
You regained 2 hp, and now have 12/98 hp.
Read which item? (? for menu, Esc to quit)
As you read the scroll of fear, it crumbles to dust.
You assume a fearsome visage.
Polyphemus looks frightened!
Your surroundings suddenly seem different.
Splash!
You fall into the shallow water.
Moving in this stuff is going to be slow.
A water nymph comes into view.
The water nymph shouts!
The merfolk closely misses you.
The water nymph points at you and mumbles some strange words.
The water swirls and strikes you!
You die...

≈≈≈ ≈≈≈≈≈≈≈≈≈
≈≈≈≈≈≈≈≈≈≈≈
≈≈≈≈≈≈≈≈≈≈≈≈≈
≈≈≈≈≈≈≈≈≈≈≈≈≈≈≈
≈≈≈≈≈≈≈≈≈≈≈≈≈≈≈
≈≈≈≈≈≈≈≈≈≈≈≈≈≈≈
≈≈≈≈≈≈≈≈≈≈≈≈≈≈≈≈≈
≈≈≈≈≈≈m≈@...≈≈≈≈≈
≈≈t≈≈≈≈≈........≈
≈≈≈≈≈≈≈.....##.
≈≈......##.##
≈..≈...## ...
.m##.. ≈≈≈ . ...
≈ ≈... ≈


You could see a snapping turtle, a merfolk and a water nymph.

Vanquished Creatures
  A sphinx (D:12)
  Gastronok (Lair:3)
  Maud (Lair:3)
  An orc warlord (D:12)
  A dire elephant (Lair:8)
  An ettin (Shoals:1)
  A merfolk javelineer (Shoals:1)
  A vault guard (D:13)
  A minotaur (Lab)
  Josephine (D:14)
  Harold (Lair:2)
  10 hydras
  Erolcha (D:8)
  6 centaur warriors
  An ogre mage (D:13)
  4 death yaks
  The ghost of inmateoo the Cruncher, a powerful HuGl of Vehumet (D:11)
  A tengu warrior (D:15)
  Urug (D:11)
  A sun demon (Lair:8)
  Nergalle (D:11)
  7 sea snakes (Shoals:1)
  3 unseen horrors
  2 skeletal warriors (D:15)
  A wizard (Lair:8)
  7 hill giants
  An ice statue (IceCv)
  2 necromancers
  A flayed ghost (D:15)
  A wolf spider zombie (D:15)
  5 orc knights
  4 harpies
  4 manticores
  3 wolf spiders (Spider:1)
  A frost giant zombie (D:15)
  9 griffons
  7 fauns (Shoals:1)
  9 ugly things
  7 cyclopes
  7 elephants
  An orc sorcerer (D:15)
  A water nymph (Shoals:1)
  A stone giant skeleton (D:15)
  A centaur zombie (D:14)
  4 sirens (Shoals:1)
  Maurice (D:8)
  A fire giant skeleton (D:15)
  5 orange demons (Lair:8)
  8 black mambas
  A smoke demon (Lair:8)
  Psyche (D:8)
  2 kobold demonologists (D:14)
  2 gargoyles
  10 komodo dragons
  4 centaur skeletons
  10 freezing wraiths (IceCv)
  16 spiny frogs
  A red devil (Lair:8)
  A hellwing (Lair:7)
  6 fire drakes (Lair:8)
  7 merfolk (Shoals:1)
  2 jumping spiders (Spider:1)
  2 blue devils
  16 blink frogs
  3 polar bears
  2 tengu conjurers (D:14)
  5 trolls
  Prince Ribbit (D:8)
  4 ravens
  A boulder beetle (Lair:7)
  4 trapdoor spiders
  6 slime creatures
  A tarantella (Spider:1)
  3 redbacks (Spider:1)
  8 wraiths
  3 shadows
  A snapping turtle (Shoals:1)
  A spriggan skeleton (D:15)
  45 yaks
  2 deep elf magi
  5 water elementals
  4 basilisks
  12 wyverns
  A hungry ghost (D:7)
  8 vampire mosquitoes
  A death yak simulacrum (IceCv)
  2 mottled dragons
  12 hippogriffs
  A steam dragon (D:4)
  Edmund (D:4)
  19 soldier ants (Lair:1)
  A warg (D:9)
  13 porcupines
  3 hell hounds (Lair:8)
  10 ice beasts
  8 spiders (Lair:3)
  11 water moccasins
  13 orc warriors
  An eye of draining (D:7)
  6 sky beasts
  2 black bears
  2 necrophages
  3 boggarts (D:15)
  27 centaurs
  6 ogres
  3 boring beetles
  17 crocodiles
  A brain worm (D:12)
  4 big kobolds
  23 giant frogs
  A gnoll sergeant (D:9)
  10 wights
  4 scorpions
  The ghost of TreeFingers the Shield-Bearer, a weakling HuFi (D:3)
  10 killer bees
  2 elephant simulacra (IceCv)
  8 electric eels
  8 crimson imps
  A gnoll shaman (D:6)
  3 draconian simulacra (IceCv)
  4 hounds
  10 iguanas
  2 jellies
  4 giant frog skeletons
  7 orc priests
  12 orc wizards
  4 spriggan simulacra (IceCv)
  3 troll simulacra (IceCv)
  25 worker ants
  9 sheep
  A wolf simulacrum (IceCv)
  2 centaur simulacra
  A hound zombie (D:8)
  2 worker ant zombies (D:6)
  Robin (D:3)
  8 gnolls
  6 ogre simulacra (IceCv)
  11 adders
  109 river rats
  3 naga simulacra (IceCv)
  24 white imps
  5 shadow imps
  An adder zombie (D:8)
  An ooze (D:2)
  2 worms (D:2)
  10 giant geckos
  78 orcs
  12 bats
  2 bat skeletons
  5 giant cockroaches
  22 hobgoblins
  6 quokkas
  2 ball pythons
  7 giant newts
  2 giant spores (D:12)
  36 goblins
  10 jackals
  34 kobolds
  A quokka zombie (D:6)
  11 rats
  21 ballistomycetes (D:12)
  A bush (Lair:4)
1098 creatures vanquished.

Vanquished Creatures (collateral kills)
  Louise (D:14)
  Sonja (D:11)
  A wolf spider (Spider:1)
  3 elephants (Lair:2)
  A drowned soul (Shoals:1)
  A queen ant (Lair:1)
  2 black mambas (Lair:4)
  2 spiny frogs
  Sigmund (D:5)
  A basilisk (Lair:2)
  A water moccasin (Lair:4)
  A soldier ant (Lair:1)
  A mottled dragon (D:5)
  3 ogres (D:5)
  A crocodile (Lair:2)
  A crimson imp (D:5)
  3 orc priests (D:5)
  2 orc wizards (D:5)
  2 orcs (D:5)
29 creatures vanquished.

Vanquished Creatures (others)
  An unseen horror (D:12)
  An ugly thing (D:13)
  A cyclops (D:12)
  3 drowned souls (Shoals:1)
  A yaktaur (Lair:2)
  A red devil (D:13)
  A redback (Spider:1)
  An insubstantial wisp (D:5)
  A hell hound (D:13)
  A boggart (D:15)
  A centaur (D:5)
  2 orc wizards (D:4)
  A worker ant (D:4)
  A river rat (Lair:8)
  A giant gecko (D:4)
  2 goblins (D:4)
  3 hobgoblins (D:4)
  2 jackals (D:4)
  A bat (D:4)
  3 giant spores
  2 rats
  A bush (D:10)
  7 fungi
  3 plants
  10 toadstools (Lair:5)
52 creatures vanquished.

Grand Total: 1179 creatures vanquished

Notes
Turn   | Place    | Note
--------------------------------------------------------------
     0 | D:1      | RobertPalmer, the Vine Stalker Transmuter, began the quest for the Orb.
     0 | D:1      | Reached XP level 1. HP: 9/9 MP: 4/4
   215 | D:1      | Reached XP level 2. HP: 14/14 MP: 4/6
   548 | D:1      | Reached skill level 4 in Unarmed Combat
   559 | D:1      | Reached XP level 3. HP: 15/17 MP: 7/7
   920 | D:2      | Found a stormy altar of Qazlal.
  1087 | D:2      | Found an opulent altar of Gozag.
  1089 | D:2      | Found a sacrificial altar of Ru.
  1162 | D:2      | Reached XP level 4. HP: 14/21 MP: 5/8
  1364 | D:2      | Reached skill level 5 in Unarmed Combat
  1908 | D:3      | Reached XP level 5. HP: 20/25 MP: 9/9
  1972 | D:3      | Noticed Robin
  1990 | D:3      | Killed Robin
  2094 | D:3      | Reached skill level 6 in Unarmed Combat
  2332 | D:3      | Noticed TreeFingers's ghost (weakling HuFi)
  2478 | D:3      | Killed TreeFingers's ghost
  2478 | D:3      | Reached skill level 2 in Dodging
  2478 | D:3      | Gained mutation: You heal very quickly. [Vine Stalker growth]
  2478 | D:3      | Reached XP level 6. HP: 16/29 MP: 7/10
  2536 | D:3      | Found a burning altar of Makhleb.
  2555 | D:3      | Became a worshipper of Makhleb the Destroyer
  2609 | D:3      | Found an iron altar of Okawaru.
  2696 | D:3      | Found a white marble altar of Elyvilon.
  2769 | D:4      | Reached skill level 3 in Dodging
  2860 | D:4      | Noticed a steam dragon
  2873 | D:4      | HP: 6/29 [steam dragon/ball of steam (9)]
  2914 | D:4      | HP: 7/29 [something/ball of steam (19)]
  3054 | D:4      | Reached skill level 4 in Dodging
  3054 | D:4      | Reached XP level 7. HP: 26/32 MP: 11/11
  3112 | D:4      | HP: 6/32 [ogre/giant club (12)]
  3394 | D:4      | Killed a steam dragon
  3394 | D:4      | Reached skill level 7 in Unarmed Combat
  3448 | D:4      | Found a basalt altar of Yredelemnul.
  3502 | D:4      | Acquired Makhleb's first power
  3552 | D:4      | Found a shimmering altar of Xom.
  3605 | D:4      | Noticed Edmund
  3618 | D:4      | Killed Edmund
  3618 | D:4      | Gained mutation: You have razor-sharp teeth. [Vine Stalker growth]
  3618 | D:4      | Reached XP level 8. HP: 21/37 MP: 9/12
  3749 | D:4      | Found a staircase to the Ecumenical Temple.
  3868 | D:5      | Entered Level 5 of the Dungeon
  3879 | D:5      | Reached skill level 8 in Unarmed Combat
  3959 | D:5      | Found a sparkling altar of Nemelex Xobeh.
  4083 | D:5      | Found Biatab Dos's Food Emporium.
  4298 | D:5      | Noticed Sigmund
  4303 | D:5      | Killed Sigmund
  4303 | D:5      | Reached skill level 9 in Unarmed Combat
  4339 | D:5      | Acquired Makhleb's second power
  4375 | D:5      | Found Xiwnai Jyad's Antique Weapon Emporium.
  4406 | D:5      | Found Zuics's Assorted Antiques.
  4554 | D:5      | Found Nunihoap's Jewellery Boutique.
  4563 | D:5      | Bought the ring "Ikoufatur" {rN+ AC+2} for 233 gold pieces
  4843 | D:6      | Reached skill level 3 in Transmutations
  4971 | D:6      | Found a glowing drain.
  4985 | Sewer    | Entered a sewer
  5072 | Sewer    | Reached skill level 4 in Transmutations
  5077 | Sewer    | Learned a level 2 spell: Sticks to Snakes
  5082 | Sewer    | Learned a level 4 spell: Ice Form
  5086 | Sewer    | Learned a level 3 spell: Spider Form
  5351 | D:6      | Reached XP level 9. HP: 40/40 MP: 10/13
  5484 | D:6      | Reached skill level 10 in Unarmed Combat
  5786 | D:7      | Acquired Makhleb's third power
  5916 | D:7      | Noticed a skeletal warrior
  6005 | D:7      | Reached skill level 11 in Unarmed Combat
  6068 | D:7      | Found a blossoming altar of Fedhas.
  6471 | D:7      | HP: 8/40 [killer bee (7)]
  6474 | D:7      | Reached skill level 12 in Unarmed Combat
  6562 | D:7      | Found a shattered altar of Ashenzari.
  6597 | D:7      | Acquired Makhleb's fourth power
  6660 | D:8      | Noticed Erica
  6785 | D:8      | Reached skill level 5 in Transmutations
  6785 | D:8      | Reached XP level 10. HP: 38/44 MP: 14/14
  6808 | D:8      | Noticed Erolcha
  6823 | D:8      | Noticed a brown ugly thing
  6830 | D:8      | Killed Erolcha
  6830 | D:8      | Reached skill level 6 in Transmutations
  6847 | D:8      | Noticed Maurice
  6864 | D:8      | Killed Maurice
  6864 | D:8      | Reached skill level 7 in Transmutations
  6873 | D:8      | Found a staircase to the Lair.
  6990 | D:8      | Noticed Psyche
  6997 | D:8      | Paralysed by Psyche for 7 turns
  7011 | D:8      | HP: 16/66 [Psyche/dagger of chaos (2)]
  7012 | D:8      | Killed Psyche
  7012 | D:8      | Reached skill level 8 in Transmutations
  7107 | D:8      | Noticed Prince Ribbit
  7139 | D:8      | Killed Prince Ribbit
  7270 | D:8      | Reached skill level 9 in Transmutations
  7274 | D:8      | Found a glowing silver altar of Zin.
  7523 | D:9      | Found a deep blue altar of Sif Muna.
  7675 | D:9      | Acquired Makhleb's fifth power
  7957 | D:9      | Found a radiant altar of Vehumet.
  8022 | D:9      | Reached skill level 10 in Transmutations
  8024 | D:9      | Found a staircase to the Orcish Mines.
  8045 | D:9      | Got an ichor-stained leather armour
  8079 | D:9      | Identified the +3 leather armour of Vivathree {rF+ rC+ Regen+ MP+9} (You found it on level 9 of the Dungeon)
  8205 | D:9      | Reached XP level 11. HP: 48/48 MP: 15/15
  8402 | Lair:1   | Entered Level 1 of the Lair of Beasts
  8451 | Lair:1   | Reached skill level 3 in Spellcasting
  8638 | Lair:1   | Learned a level 5 spell: Blade Hands
  8732 | Lair:1   | Reached skill level 11 in Transmutations
  8998 | Lair:1   | Reached skill level 12 in Transmutations
  9167 | Lair:1   | HP: 11/48 [poisoned by a queen ant]
  9484 | Lair:1   | Reached skill level 5 in Dodging
  9630 | Lair:1   | Gained mutation: You regenerate. [Vine Stalker growth]
  9630 | Lair:1   | Reached XP level 12. HP: 48/52 MP: 18/18
  9853 | Lair:2   | Reached skill level 6 in Dodging
  9919 | Lair:2   | Noticed Harold
  9953 | Lair:2   | Killed Harold
 10053 | Lair:2   | Reached skill level 7 in Dodging
 10290 | Lair:2   | HP: 8/52 [spiny frog (14)]
 10298 | Lair:2   | Reached skill level 1 in Fighting
 10353 | Lair:2   | Reached skill level 2 in Fighting
 10422 | Lair:2   | Reached skill level 3 in Fighting
 10855 | Lair:3   | Reached skill level 4 in Fighting
 10923 | Lair:3   | Found a staircase to the Shoals.
 11038 | Lair:3   | Noticed Gastronok
 11058 | Lair:3   | Killed Gastronok
 11058 | Lair:3   | Reached skill level 5 in Fighting
 11152 | Lair:3   | Noticed Maud
 11164 | Lair:3   | Reached skill level 6 in Fighting
 11177 | Lair:3   | Killed Maud
 11230 | Lair:3   | Reached skill level 7 in Fighting
 11267 | Lair:3   | Found a hole to the Spider Nest.
 11817 | Lair:4   | Reached skill level 8 in Fighting
 11858 | Lair:4   | Reached XP level 13. HP: 67/69 MP: 19/19
 12123 | Lair:4   | HP: 15/69 [black mamba (10)]
 12230 | Lair:4   | Reached skill level 9 in Fighting
 13171 | Lair:6   | Found a staircase to the Swamp.
 13265 | Lair:6   | Found a labyrinth entrance.
 13274 | Lab      | Entered a labyrinth
 13812 | Lab      | Noticed a minotaur
 13821 | Lab      | Killed a minotaur
 13821 | Lab      | Reached skill level 10 in Fighting
 13830 | Lab      | Identified Roxanne's Handbook of Ashen Shape Shifting
 13830 | Lab      | Got a slimy hand crossbow
 13841 | Lab      | Got a faintly glowing hunting sling
 13847 | Lab      | Learned a level 2 spell: Blink
 13850 | Lab      | Learned a level 2 spell: Repel Missiles
 14004 | Lair:6   | Got an obsidian-encrusted chain mail
 14135 | Lair:7   | Found a frozen archway.
 14151 | IceCv    | Entered an ice cave
 14269 | IceCv    | Reached skill level 11 in Fighting
 14315 | IceCv    | Found an ancient bone altar of Kikubaaqudgha.
 14404 | IceCv    | Identified the Disquisition on the Frostbite and Conjuration
 14885 | Lair:7   | Reached skill level 12 in Fighting
 15003 | Lair:7   | Reached XP level 14. HP: 81/81 MP: 19/20
 15263 | Lair:7   | Reached skill level 13 in Fighting
 15470 | Lair:8   | Entered Level 8 of the Lair of Beasts
 15868 | Lair:8   | HP: 15/83 [manticore (15)]
 15875 | Lair:8   | HP: 16/83 [poisoned by a spiny frog]
 16127 | Lair:7   | Reached skill level 14 in Fighting
 16504 | Lair:8   | Found a staircase to the Slime Pits.
 16505 | Lair:8   | Found a viscous altar of Jiyva.
 16799 | Lair:8   | Reached skill level 8 in Dodging
 16893 | Lair:8   | HP: 21/84 [dire elephant (22)]
 16898 | Lair:8   | HP: 18/84 [black mamba (9)]
 17103 | Lair:8   | Found a burning altar of Makhleb.
 17135 | Lair:8   | Reached XP level 15. HP: 61/88 MP: 16/21
 17200 | Lair:8   | Reached skill level 9 in Dodging
 17819 | Lair:8   | Found a gateway to Hell.
 18176 | D:10     | Entered Level 10 of the Dungeon
 18575 | D:10     | Found a portal to a secret trove of treasure.
 18698 | D:10     | Found a blossoming altar of Fedhas.
 18777 | D:10     | Found Wyroung's Weapon Shop.
 19115 | D:11     | Noticed Sonja
 19119 | D:11     | Reached skill level 10 in Dodging
 19124 | D:11     | Killed Sonja
 19270 | D:11     | Noticed Urug
 19281 | D:11     | Killed Urug
 19317 | D:11     | Found a shadowy altar of Dithmenos.
 19321 | D:11     | Noticed inmateoo's ghost (powerful HuGl)
 19378 | D:11     | Killed inmateoo's ghost
 19415 | D:11     | Noticed Nergalle
 19424 | D:11     | Killed Nergalle
 20630 | D:12     | Reached skill level 11 in Dodging
 20914 | D:12     | Noticed a sphinx
 20923 | D:12     | Killed a sphinx
 21026 | D:12     | Found a sparkling altar of Nemelex Xobeh.
 21709 | D:13     | Found a flagged portal.
 21714 | Bailey   | Entered a bailey
 22060 | Bailey   | Reached skill level 12 in Dodging
 22115 | Bailey   | Identified a scroll of acquirement
 22448 | D:13     | Found a gate to the Vaults.
 22938 | D:13     | Reached XP level 16. HP: 93/93 MP: 22/22
 23404 | D:14     | Noticed Josephine
 23417 | D:14     | Killed Josephine
 23666 | D:14     | Reached skill level 13 in Unarmed Combat
 23717 | D:14     | Found Geigumer's Book Shop.
 23934 | D:14     | Noticed Louise
 23947 | D:14     | Upgraded the game from 0.17-a0-870-gcb215c1 to 0.17-a0-877-ga10078a
 23951 | D:14     | Killed Louise
 24091 | D:15     | Entered Level 15 of the Dungeon
 24365 | D:15     | Reached skill level 14 in Unarmed Combat
 24478 | D:15     | Gained mutation: You have a pair of small horns on your head. [potion of beneficial mutation]
 24481 | D:15     | Gained mutation: You have sharp toenails. [potion of beneficial mutation]
 24521 | D:15     | Found Lucvaur's Jewellery Boutique.
 24528 | D:15     | Bought a cursed amulet of regeneration for 459 gold pieces
 24637 | D:15     | Found a staircase to the Depths.
 24738 | D:15     | Noticed Roxanne
 25531 | Spider:1 | Entered Level 1 of the Spider Nest
 25589 | Spider:1 | HP: 16/111 [jumping spider (15)]
 25719 | Shoals:1 | Entered Level 1 of the Shoals
 26169 | Shoals:1 | Reached skill level 13 in Dodging
 26260 | Shoals:1 | HP: 21/93 [drowned by a water nymph (7)]
 26314 | Shoals:1 | Reached XP level 17. HP: 98/98 MP: 23/23
 26458 | Shoals:1 | Reached skill level 1 in Invocations
 26495 | Shoals:1 | Reached skill level 2 in Invocations
 26605 | Shoals:1 | Reached skill level 3 in Invocations
 26778 | Shoals:2 | Noticed Polyphemus
 26810 | Shoals:2 | HP: 7/98 [Polyphemus/large rock (30)]
 26814 | Shoals:2 | Killed from afar by a water nymph

Action                   |  1- 3 |  4- 6 |  7- 9 | 10-12 | 13-15 | 16-18 || total
-------------------------+-------+-------+-------+-------+-------+-------++-------
Melee: Unarmed           |   139 |   232 |   363 |   806 |  1554 |   605 ||  3699
 Fire: Blowgun           |       |       |     8 |    22 |     1 |     2 ||    33
 Cast: Beastly Appendage |     6 |     9 |     6 |     3 |       |       ||    24
       Spider Form       |       |       |       |     7 |       |       ||     7
       Blade Hands       |       |       |       |    23 |    91 |    27 ||   141
       Sticks to Snakes  |       |       |       |     6 |       |       ||     6
       Ice Form          |       |       |       |     2 |    15 |     7 ||    24
       Repel Missiles    |       |       |       |       |     3 |     6 ||     9
 Abil: End Transformatio |       |       |       |     4 |    11 |    10 ||    25
Evoke: Deck              |       |       |     4 |     7 |     6 |     8 ||    25
       Wand              |       |       |     1 |     1 |     6 |     1 ||     9
  Use: Scroll            |       |     5 |    16 |     5 |    33 |     8 ||    67
       Potion            |       |     1 |     2 |     2 |     4 |     3 ||    12
 Stab: Sleeping          |       |     2 |     2 |     1 |       |       ||     5
       Distracted        |       |       |     1 |       |     1 |       ||     2
       Invisible         |       |       |       |       |       |     4 ||     4
  Eat: Chunk             |       |     8 |    11 |    29 |    51 |    19 ||   118
       Beef jerky        |       |       |       |       |     7 |     1 ||     8
       Royal jelly       |       |       |       |       |     1 |       ||     1
       Pizza             |       |       |       |       |     6 |     3 ||     9
       Fruit             |       |       |       |       |     2 |     3 ||     5

Vault maps used:
D:1:      saegor_arrival_simple_a, minmay_liquid_box, minmay_ruptured
D:2:      minitemple, nicolae_qazlal_general_emergency
D:3:      lemuel_upstairs_altar, elyvilon_altar_4, okawaru_altar_gauntlet_db,
          makhleb_blood_cavern_becter, uniq_robin
D:4:      kennysheep_mini_moat, xom_confusion_cloud,
          minmay_temple_entry_enclosed_plants, uniq_edmund
D:5:      nemelex_deck, first_bread, serial_shops, nicolae_shop_waterfront,
          shop, shop, nicolae_shop_stone, uniq_sigmund
D:6:      serial_curves, eino_curves_02, eino_curves_04, portal_sewer_entry_f,
          minmay_misc_feat_iff
D:7:      kennysheep_big_flooded_room, nicolae_overflow_hidden_temple,
          overflow_temple_1_default
D:8:      zin_statuary, lair_0_dummy, grunt_pizzeria, minmay_crossroads,
          uniq_psyche, uniq_erica, uniq_prince_ribbit1, uniq_maurice,
          uniq_erolcha
D:9:      old_standard_altar, lemuel_round_altar, david_orc_3
D:10:     serial_shops, shop_fountains, nicolae_trove_entry_columns,
          fedhas_bush_and_centaur_altar
D:11:     grunt_ministairs_5, nicolae_dithmenos_shadow_blocks, uniq_sonja,
          uniq_urug, uniq_nergalle
D:12:     kennysheep_four_of_diamonds, nemelex_diamond_rough_becter
D:13:     david_vaults_5, enter_bailey_3
D:14:     serial_shops, nicolae_shop_stone, uniq_louise, uniq_josephine
D:15:     gammafunk_depths_entry_grave, serial_shops, shop,
          minmay_misc_feat_five, uniq_roxanne
Lair:1:   gammafunk_lair_bear_cave, minivault_29, bh_autumn_forest_stairs,
          serial_bayou_shore_a, grunt_megastairs_4
Lair:2:   serial_bayou_lake_a, uniq_harold
Lair:3:   minmay_shoals_entry_centaurs, spider_nest_entry_a,
          lemuel_fruit_fields, uniq_gastronok, uniq_maud
Lair:4:   infiniplex_staircase_pool, lemuel_fruit_tree, serial_bayou_shore_b
Lair:5:   gammafunk_lair_enchanted_lake, serial_bayou_crossing,
          grunt_megastairs_3, infiniplex_staircase_pool_2
Lair:6:   swamp_mist_pool, lab_entry_generic, minmay_holes, lemuel_fruit_fields,
          lemuel_fruit_fields
Lair:7:   portal_ice_cave_entry_imps, beast_lair_carwin_6
Lair:8:   evil_forest, slime_altar_1, special_room, serial_bayou_pond_d
Shoals:1: hangedman_shoals_cup_caves
Shoals:2: uniq_polyphemus
Spider:1: uniq_donald
Sewer:    sewer_the_crocodile
Bailey:   bailey_polearm_5, bailey
IceCv:    ice_cave_small_necro

Table legend:
 A = Turns spent in this place as a percentage of turns spent in the entire game.
 B = Non-inter-level travel turns spent in this place as a percentage of non-inter-level travel turns spent in the entire game.
 C = Inter-level travel turns spent in this place as a percentage of turns spent in this place.
 D = Turns resting spent in this place as a percentage of non-inter-level travel turns spent in this place.
 E = Turns spent auto-exploring this place as a percentage of non-inter-level travel turns spent in this place.
 F = Non-inter-level travel turns spent in this place divided by the number of levels of this place that you've seen.
                   A       B       C       D       E      F
               +-------+-------+-------+-------+-------+----------------------
         Total | 100.0 | 100.0 |   0.3 |   0.7 |   4.8 | 496.0
       Dungeon |  49.6 |  49.6 |   0.4 |   0.6 |   7.3 | 491.9
          Lair |  34.3 |  34.3 |   0.3 |   1.0 |   3.2 | 637.9
        Shoals |   5.8 |   5.9 |   0.1 |   1.3 |   0.0 | 435.5
   Spider Nest |   0.9 |   0.9 |   0.0 |   0.0 |   0.0 | 127.0
     Labyrinth |   4.1 |   4.1 |   0.0 |   0.0 |   0.0 | 612.0
         Sewer |   0.6 |   0.6 |   0.0 |   0.0 |   8.0 |  87.0
        Bailey |   2.3 |   2.3 |   0.0 |   1.4 |   0.0 | 349.0
      Ice Cave |   2.4 |   2.4 |   0.0 |   0.0 |   0.3 | 352.0
               +-------+-------+-------+-------+-------+----------------------

Table legend:
 A = Kills in this place as a percentage of kills in entire the game.
 B = Kills by you in this place as a percentage of kills by you in the entire game.
 C = Kills by friends in this place as a percentage of kills by friends in the entire game.
 D = Other kills in this place as a percentage of other kills in the entire game.
 E = Experience gained in this place as a percentage of experience gained in the entire game.
 F = Experience gained in this place divided by the number of levels of this place that you have seen.
                   A       B       C       D       E      F
               +-------+-------+-------+-------+-------+----------------------
         Total | 100.0 | 100.0 | 100.0 | 100.0 | 100.0 | 6387.5
       Dungeon |  48.3 |  48.1 |  51.9 |  75.0 |  38.4 | 4907.9
          Lair |  37.1 |  37.1 |  44.4 |   0.0 |  40.5 | 9709.5
        Shoals |   4.3 |   4.5 |   0.0 |   0.0 |  13.3 | 12738.5
   Spider Nest |   1.1 |   0.9 |   3.7 |  25.0 |   2.1 | 4103.0
     Labyrinth |   0.1 |   0.1 |   0.0 |   0.0 |   0.6 | 1071.0
         Sewer |   0.5 |   0.6 |   0.0 |   0.0 |   0.1 | 112.0
        Bailey |   3.6 |   3.7 |   0.0 |   0.0 |   1.8 | 3400.0
      Ice Cave |   4.9 |   5.0 |   0.0 |   0.0 |   3.2 | 6166.0
               +-------+-------+-------+-------+-------+----------------------
